AoeStats
← 17525

Marketplace

505585503Analyzed
1v1 RM · 24d ago on Sep 10, 2026· 55m 26s· 2 players
Game mode
Random Map
Map size
Tiny (2 player)
Population
200
Speed
Normal
Resources
Standard
Victory
Conquest
Starting age
Dark Age
Ending age
Imperial Age
RankedLock teamsTeams togetherTeam positionsShared explorationLock speedFull tech treeHidden civsTurbo modeCheats
Victory
Defeat
🇹🇼 Huns · Taiwan
344
+18
🇺🇸 Celts · United States
384
-18
17525
11:04 Feudal Age
9:21 Loom
12:14 Double-Bit Axe
12:23 Horse Collar
21:33 Bloodlines
26:53 Castle Age
25:05 Fletching
29:12 Husbandry
29:33 Padded Archer Armor
30:07 Gold Mining
30:20 Heavy Plow
32:57 Bodkin Arrow
35:48 Thumb Ring
44:26 Ballistics
43:34 Light Cavalry
45:14 Wheelbarrow
45:20 Gold Shaft Mining
46:10 Pikeman
49:29 Leather Archer Armor
53:18 Forging
58:12 Imperial Age
MoO CaT9751
11:56 Feudal Age
16:14 Horse Collar
17:40 Loom
18:41 Man-at-Arms
37:28 Scale Mail Armor
37:40 Forging
37:32 Padded Archer Armor
43:05 Castle Age
43:25 Scale Barding Armor
43:11 Fletching
44:34 Double-Bit Axe
45:27 Chain Barding Armor
48:13 Husbandry
53:46 Iron Casting
53:08 Bodkin Arrow
53:29 Chain Mail Armor
53:30 Leather Archer Armor
Connection lost

Rejoining the realm…

Still unreachable

The connection could not be restored.

Session expired

The server has moved on; the page needs a fresh start.